 Dungeon Crawl Stone Soup version 0.29-a0-973-gac7da5f7f0 (webtiles) character file.

Game seed: 6282857525744369577

11074 concernfroge the Spear-Bearer (level 11, -1/90 HPs)
             Began as a Mummy Monk on July 31, 2022.
             Was an Elder of Cheibriados.
             Slain by a polar bear (24 damage)
             ... on level 11 of the Dungeon.
             The game lasted 00:44:47 (13745 turns).

concernfroge the Spear-Bearer (Mummy Monk)         Turns: 13745, Time: 00:44:48

Health: -1/90      AC: 22    Str: 40    XL:     11   Next: 44%
Magic:  13/17      EV:  8    Int: 20    God:    Cheibriados [****..]
Gold:   364        SH: 16    Dex: 25    Spells: 10/10 levels left

rFire   x . .      SeeInvis .   a - +2 spear (vorpal)
rCold   + . .      Faith    .   o - +2 kite shield
rNeg    + + +      Spirit   .   b - +0 plate armour
rPois   ∞          Reflect  +   f - +2 helmet
rElec   .          Harm     .   t - +2 cloak
rCorr   .          Rampage  .   l - +2 pair of gloves
Will    +....                   h - +2 pair of boots
Stlth   ..........              q - amulet of reflection
HPRegen 0.25/turn               j - +6 ring of strength
MPRegen 0.15/turn               e - +6 ring of strength

@: very slow
A: cold resistance 1, negative energy resistance 3, torment resistance 2, heat
vulnerability 1, in touch with death 1, no potions
a: Renounce Religion, Bend Time, Temporal Distortion, Slouch


You were on level 11 of the Dungeon.
You worshipped Cheibriados.
Cheibriados was greatly pleased with you.
You visited 2 branches of the dungeon, and saw 12 of its levels.
You also visited: Sewer.

You collected 664 gold pieces.
You spent 300 gold pieces at shops.

Inventory:

Hand Weapons
 a - a +2 vorpal spear (weapon)
Missiles
 g - 38 poisoned darts (quivered)
 p - a curare-tipped dart
 w - a throwing net
Armour
 b - a +0 plate armour (worn)
 f - a +2 helmet (worn)
 h - a +2 pair of boots (worn)
 l - a +2 pair of gloves (worn)
 o - a +2 kite shield (worn)
 t - a +2 cloak (worn)
 v - a +0 troll leather armour
Jewellery
 e - a +6 ring of strength (right hand)
 j - a +6 ring of strength (left hand)
 q - an amulet of reflection (around neck)
 r - an amulet of the acrobat
Wands
 k - a wand of paralysis (3)
 m - a wand of digging (11)
 s - a wand of polymorph (9)
 u - a wand of roots (5)
Scrolls
 c - 2 scrolls of immolation
 d - 2 scrolls of vulnerability
 i - 6 scrolls of identify
 n - 2 scrolls of blinking
 x - 2 scrolls of enchant weapon
 z - a scroll of fog


   Skills:
 - Level 10.0 Fighting
 + Level 11.3 Polearms
 - Level 2.4 Dodging
 - Level 1.5 Stealth
 - Level 8.0 Invocations


You had 10 spell levels left.
You didn't know any spells.
Your spell library contained the following spells:

 Spells                   Type           Power      Damage    Failure   Level
 Magic Dart               Conj           0%         1d3       99%         1
 Necrotise                Necr           0%         1d4       99%         1
 Summon Small Mammal      Summ           0%         N/A       99%         1
 Call Imp                 Summ           0%         N/A       100%        2
 Static Discharge         Conj/Air       0%         3-3/arc   100%        2
 Call Canine Familiar     Summ           0%         N/A       100%        3
 Dazzling Flash           Conj/Hex       0%         N/A       100%        3
 Mephitic Cloud           Conj/Pois/Air  0%         N/A       100%        3
 Summon Guardian Golem    Hex/Summ       0%         N/A       100%        3
 Vampiric Draining        Necr           0%         2d6       100%        3
 Anguish                  Hex/Necr       0%         N/A       100%        4
 Iskenderun's Mystic Bla  Conj/Tloc      0%         2d3       100%        4
 Agony                    Necr           0%         N/A       100%        5
 Lightning Bolt           Conj/Air       0%         1d11      100%        5
 Silence                  Hex/Air        0%         N/A       100%        5
 Starburst                Conj/Fire      0%         6d3       100%        6
 Enfeeble                 Hex            0%         N/A       100%        7
 Maxwell's Capacitive Co  Air            0%         ∞         100%        8


Dungeon Overview and Level Annotations

Branches:
Dungeon (11/15)            Temple (1/1) D:5             Orc (0/2) D:10
  Sewer (visited)
   Lair: D:8-11

Altars:
Ashenzari
Cheibriados
Dithmenos
Fedhas
Gozag
Hepliaklqana
Kikubaaqudgha
Makhleb
Nemelex Xobeh
Okawaru
Qazlal
Ru
Sif Muna
Trog
Uskayaw
Vehumet
Wu Jian
Xom
Yredelemnul

Shops:
D:3 =   D:4 :

Portals:
Ice
Cave: D:11


Innate Abilities, Weirdness & Mutations

You are immune to poison.
Your flesh is cold resistant. (rC+)
You are immune to negative energy. (rN+++)
You are immune to unholy pain and torment.
You are vulnerable to heat. (rF-)
You are in touch with the powers of death.
You do not drink.


Message History

You kill the wolf!
Cheibriados thoroughly appreciates the change of pace.
The centaur warrior simulacrum vaporises!
Cheibriados thoroughly appreciates the change of pace.
You can no longer step out of the flow of time.
Cheibriados lowers the support of your attributes as your movement quickens.
Okay, then.
You are too injured to fight recklessly!
Reach: a) +2 spear (vorpal)
Press: ? - help, Dir - move target, f - polar bear
Aim: a polar bear (heavily wounded, about 21% to evade your +2 vorpal spear)
You reach to attack!
You hit the polar bear.
The polar bear is severely wounded.
Reach: a) +2 spear (vorpal)
Press: ? - help, Dir - move target, f/p - polar bear
Aim: a polar bear (severely wounded, about 21% to evade your +2 vorpal spear)
You hit the polar bear.
The polar bear is severely wounded.
The polar bear bites you but does no damage.
You block the polar bear's attack. The polar bear barely misses you.
You puncture the polar bear!
The polar bear is almost dead.
You barely miss the polar bear.
The polar bear is almost dead.
The polar bear goes berserk!
You hit the polar bear but do no damage.
The polar bear is almost dead.
The polar bear bites you!!
* * * LOW HITPOINT WARNING * * *
The polar bear closely misses you. You block the polar bear's attack.
Okay, then.
Blink to where?
Press: ? - help, Dir - move target, p - polar bear
Okay, then.
Aiming: Paralyse
Press: ? - help, Shift-Dir - straight line, f/p - polar bear
Aim: a polar bear (almost dead, berserk, chance to affect: 49%)
The polar bear resists with some effort.
The polar bear bites you!!
You die...

###
#.###############
###.............@[#
....#############h#
.§..# ##.# §.§.#
#≈.# §§..# #≈≈≈#
§...# #≈≈≈. #.#+#
#≈≈≈#. .... ≈≈≈≈≈.#
#.... .≈≈≈≈≈ .


You could see a polar bear (berserk).

Vanquished Creatures
  A hydra (D:10)
  A boulder beetle (D:11)
  A two-headed ogre (D:9)
  A cyclops (D:11)
  Maurice (D:10)
  An unseen horror (D:10)
  Psyche (D:11)
  3 trolls
  A centaur simulacrum (D:11)
  A shadow (D:8)
  2 wraiths
  3 wyverns
  9 yaks (D:10)
  A steam dragon (D:5)
  Menkaure (D:6)
  An acid dragon (D:9)
  3 water moccasins
  8 orc warriors
  An ice beast (D:8)
  A sky beast (D:6)
  4 black bears
  An ogre (D:5)
  4 centaurs
  A wolf (D:11)
  2 phantoms
  4 kobold brigands
  4 bullfrogs
  A gnoll sergeant (D:7)
  A necrophage (D:7)
  2 scorpions
  11 killer bees (D:10)
  2 howler monkeys (D:9)
  2 electric eels
  6 orc priests
  A lava snake (D:9)
  A jelly (D:5)
  3 hounds
  Crazy Yiuf (D:2)
  5 iguanas
  11 orc wizards
  11 adders
  3 gnolls (D:7)
  2 shadow imps
  5 white imps
  A worm (D:4)
  A dart slug (D:5)
  54 orcs
  12 endoplasms
  18 giant cockroaches
  6 goblins
  7 hobgoblins
  7 jackals
  9 quokkas
  13 ball pythons
  5 bats
  5 frilled lizards
  25 kobolds
  7 rats
300 creatures vanquished.

Vanquished Creatures (others)
  4 fungi (D:2)
4 creatures vanquished.

Grand Total: 304 creatures vanquished

Notes
Turn   | Place    | Note
-------+----------+-------------------------------------------
     0 | D:1      | concernfroge the Mummy Monk began the quest for the Orb.
     0 | D:1      | Reached XP level 1. HP: 18/18 MP: 1/1
   405 | D:1      | Reached XP level 2. HP: 24/24 MP: 2/2
  1391 | D:2      | Gained mutation: You are in touch with the powers of death.
                  | [Mummy growth]
  1391 | D:2      | Reached XP level 3. HP: 26/31 MP: 3/3
  1856 | D:2      | Reached skill level 5 in Fighting
  1856 | D:2      | Reached XP level 4. HP: 38/39 MP: 4/4
  2099 | D:2      | Found a runed translucent door.
  2100 | D:2      | Noticed Crazy Yiuf
  2556 | D:3      | Reached XP level 5. HP: 46/46 MP: 5/5
  2693 | D:3      | Found Duom's Jewellery Boutique.
  2733 | D:3      | Noticed an orc warrior
  2959 | D:4      | Noticed a phantom
  2985 | D:4      | Killed a phantom
  3336 | D:4      | Found Feozuavvuc's Book Emporium.
  3452 | D:5      | Entered Level 5 of the Dungeon
  3457 | D:5      | Found a staircase to the Ecumenical Temple.
  3495 | Temple   | Entered the Ecumenical Temple
  3610 | Temple   | Became a worshipper of Cheibriados the Contemplative
  3610 | Temple   | Reached * piety under Cheibriados
  3610 | Temple   | Reached ** piety under Cheibriados
  3634 | D:5      | Noticed an ogre
  3645 | D:5      | Noticed a wraith
  3709 | D:5      | Found a glowing drain.
  3730 | Sewer    | Entered a sewer
  3828 | Sewer    | Reached XP level 6. HP: 53/53 MP: 6/6
  3914 | Sewer    | Reached *** piety under Cheibriados
  3940 | Sewer    | Reached skill level 1 in Invocations
  4306 | D:5      | Reached XP level 7. HP: 51/60 MP: 8/8
  4363 | D:6      | Reached **** piety under Cheibriados
  4772 | D:6      | Noticed Menkaure
  4778 | D:6      | Killed Menkaure
  4934 | D:6      | Found a shimmering altar of Xom.
  5397 | D:6      | Reached XP level 8. HP: 64/70 MP: 11/11
  6117 | D:7      | Reached skill level 10 in Fighting
  6131 | D:7      | Reached skill level 5 in Invocations
  6143 | D:7      | Reached ***** piety under Cheibriados
  6543 | D:7      | Reached XP level 9. HP: 76/78 MP: 9/13
  7586 | D:8      | Found a bloodstained altar of Trog.
  7994 | D:8      | Found an opulent altar of Gozag.
  8015 | D:8      | Reached skill level 3 in Polearms
  8435 | D:8      | Reached skill level 4 in Polearms
  8454 | D:8      | Paralysed by an orc for 3 turns
  8981 | D:5      | Reached skill level 5 in Polearms
  9460 | D:5      | Reached skill level 6 in Polearms
  9460 | D:5      | Reached XP level 10. HP: 85/85 MP: 16/16
 10304 | D:3      | Found a faded altar of an unknown god.
 10660 | D:3      | Bought an amulet of reflection for 300 gold pieces
 10734 | D:2      | Killed Crazy Yiuf
 11381 | D:9      | Reached skill level 7 in Polearms
 11506 | D:9      | Noticed a two-headed ogre
 11519 | D:9      | Killed a two-headed ogre
 11858 | D:9      | Reached skill level 8 in Polearms
 12119 | D:10     | Entered Level 10 of the Dungeon
 12134 | D:10     | Reached skill level 9 in Polearms
 12252 | D:10     | Found a staircase to the Orcish Mines.
 12413 | D:10     | Reached ****** piety under Cheibriados
 12528 | D:10     | Reached XP level 11. HP: 90/90 MP: 11/17
 12592 | D:10     | Found a sparkling altar of Nemelex Xobeh.
 12680 | D:10     | Reached skill level 10 in Polearms
 12943 | D:10     | Noticed a five-headed hydra
 12950 | D:10     | Killed a five-headed hydra
 13008 | D:10     | Noticed Maurice
 13031 | D:10     | Killed Maurice
 13339 | D:11     | Found a frozen archway.
 13339 | D:11     | Noticed Psyche
 13355 | D:11     | Killed Psyche
 13359 | D:11     | Noticed a boulder beetle
 13421 | D:11     | Killed a boulder beetle
 13422 | D:11     | Reached skill level 11 in Polearms
 13745 | D:11     | Slain by a polar bear

Illustrated notes

Levels and vault maps discovered:
D:1:      dpeg_arrival_three_same_balls, layout_basic
D:2:      layout_basic, uniq_crazy_yiuf_cottage
D:3:      layout_basic, serial_shops, nicolae_square_shop,
          nicolae_ecumenical_lake_church
D:4:      layout_loops_ring, serial_shops, nicolae_shop_stone,
          minmay_splitting_lines
D:5:      minmay_spotlight, layout_layer_cave, temple_pool_b,
          gup_sewer_entry_pipe, lemuel_flamethrower_2
D:6:      layout_loops_ring, lemuel_coloured_pillars_altar,
          nicolae_kite_square_tiling_tiny, uniq_menkaure
D:7:      layout_loops_corners
D:8:      layout_basic, nicolae_overflow_crystal_walls,
          mainiacjoe_overflow_catwalk, kennysheep_generic_room_13
D:9:      layout_roguey, small_statue_intersection, nicolae_water_bricks,
          kennysheep_generic_room_5
D:10:     layout_grid_maze, nemelex_spade_bored_becter, hiddenorc2_lemuel,
          serial_rivers, chequers_serial_rivers_marsh,
          chequers_serial_rivers_micro_a, chequers_serial_rivers_small_b,
          chequers_serial_rivers_small_b, chequers_serial_rivers_room_a,
          uniq_maurice
D:11:     minmay_the_grid_triangle_9x9_recursive_3
          [minmay_the_grid_triangle_9x9_subtriangle,
          minmay_the_grid_triangle_9x9_intruding_spiral,
          minmay_the_grid_triangle_9x9_tough_junction,
          minmay_the_grid_triangle_9x9_prize_schism,
          minmay_the_grid_triangle_9x9_flanged_cone,
          minmay_the_grid_triangle_9x9_limited_checkers,
          minmay_the_grid_triangle_9x9_odd_lines,
          minmay_the_grid_triangle_9x9_impossible_snake,
          minmay_the_grid_triangle_9x9_corruption], layout_basic, serial_ice,
          serial_ice_n, serial_ice_l, serial_ice_e, serial_ice_f,
          portal_ice_cave_entry_pillars_1, trog_hazing_becter, uniq_psyche
Temple:   nicolae_temple_two_arcs

Skill      XL: |  1  2  3  4  5  6  7  8  9 10 11 |
---------------+----------------------------------+-----
Fighting       | 4 5 6 7 8 10 | 10.0
Invocations    | 2 4 6 8 |  8.0
Polearms       | 6 9 11 | 11.3
Dodging        | |  2.4
Stealth        | |  1.5

Action                   |  1- 3 |  4- 6 |  7- 9 | 10-12 || total
-------------------------+-------+-------+-------+-------++-------
Melee: Spear             |   154 |   301 |   414 |   325 ||  1194
Throw: Dart              |       |       |    39 |    14 ||    53
Invok: Bend Time         |       |       |    11 |     8 ||    19
       Temporal Distorti |       |       |     1 |       ||     1
       Slouch            |       |       |       |     4 ||     4
Evoke: Wand              |       |       |       |    14 ||    14
  Use: Scroll            |       |    12 |    10 |     4 ||    26
 Stab: Paralysed         |       |       |       |    14 ||    14
Armor: Ring mail         |    38 |    23 |       |       ||    61
       Robe              |     1 |       |       |       ||     1
       Scale mail        |       |    65 |    17 |       ||    82
       Plate armour      |       |       |   168 |   116 ||   284
Dodge: Dodged            |    90 |   142 |   109 |    56 ||   397
Block: Buckler           |       |    41 |    33 |       ||    74
       Kite shield       |       |       |   131 |   194 ||   325
       Reflection        |       |       |       |    24 ||    24

Table legend: (Time is in decaauts)
 A = Elapsed time spent in this place.
 B = Non-inter-level travel time spent in this place.
 C = Inter-level travel time spent in this place.
 D = Time resting spent in this place.
 E = Time spent auto-exploring this place.
 F = Levels seen in this place.
 G = Mean time per level.
                   A        B        C        D        E       F      G
               +--------+--------+--------+--------+--------+-----+--------+
         Total |  18210 |  16827 |   1383 |   1094 |  13134 |  13 | 1400.8 |
       Dungeon |  17364 |  15999 |   1365 |   1094 |  12545 |  11 | 1578.5 |
        Temple |    129 |    112 |     17 |      0 |    104 |   1 |  129.0 |
         Sewer |    716 |    716 |      0 |      0 |    485 |   1 |  716.0 |
               +--------+--------+--------+--------+--------+-----+--------+

Top non-repeatable levels by time:
     D:6: 2343 daAuts
     D:5: 2124 daAuts
     D:7: 2043 daAuts
     D:8: 2008 daAuts
     D:9: 1813 daAuts
    D:10: 1765 daAuts
     D:2: 1450 daAuts
     D:3: 1307 daAuts
     D:1: 1297 daAuts
     D:4: 764 daAuts
   Sewer: 716 daAuts
    D:11: 446 daAuts
  Temple: 129 daAuts
